 Dungeon Crawl Stone Soup version 0.23-a0-449-g8e4cbf7 (webtiles) character file.

791 galech the Chopper (level 7, -4/55 HPs)
             Began as a Demonspawn Fighter on Nov 21, 2018.
             Slain by an orc warrior
             ... wielding a +0 battleaxe
              (14 damage)
             ... on level 5 of the Dungeon.
             The game lasted 00:04:57 (3743 turns).

galech the Chopper (Demonspawn Fighter)             Turns: 3743, Time: 00:04:58

Health: -4/55      AC:  9    Str: 16    XL:     7   Next: 57%
Magic:  7/7        EV:  8    Int:  9    God:
Gold:   206        SH:  9    Dex: 15    Spells: 6/6 levels left

rFire    + . .     SeeInvis .   a - +1 war axe
rCold    + . .     Gourm    .   c - +0 shield
rNeg     . . .     Faith    .   b - +0 scale mail
rPois    .         Spirit   .   (no helmet)
rElec    .         Reflect  .   h - scarf {rC+ rF+}
rCorr    .         Harm     .   (no gloves)
MR       .....                  (no boots)
Stlth    ..........             (no amulet)
HPRegen  1.18/turn              (no ring)
MPRegen  0.10/turn              (no ring)

@: hasted, very quick
A: talons 1, yellow scales 1, powered by death 1
a: no special abilities


You were on level 5 of the Dungeon.
You were not hungry.

You visited 2 branches of the dungeon, and saw 6 of its levels.

You collected 206 gold pieces.

Inventory:

Hand Weapons
 a - a +1 war axe (weapon)
Armour
 b - a +0 scale mail (worn)
 c - a +0 shield (worn)
 h - a scarf of resistance (worn)
Jewellery
 p - an uncursed ring of fire
 t - an uncursed amulet of faith {unknown}
Wands
 m - a wand of digging (6)
 q - a wand of iceblast (11)
 r - a wand of flame (12)
Scrolls
 d - a scroll of teleportation
 e - 2 scrolls of identify
 g - a scroll of enchant armour
 i - 2 scrolls of enchant weapon
 j - 2 scrolls of remove curse
 l - a scroll of fog {unknown}
Potions
 o - a potion of curing {unknown}
 s - a potion of flight {unknown}
Comestibles
 f - 8 rations


   Skills:
 + Level 4.5 Fighting
 + Level 5.0 Axes
 + Level 4.3 Armour
 + Level 2.0 Dodging
 + Level 0.1 Stealth
 + Level 4.1 Shields


You had 6 spell levels left.
You didn't know any spells.
Your spell library contained the following spells:

 Spells                   Type           Power        Failure   Level  Hunger
 Infusion                 Chrm           #...         99%         1    ##.....
 Shroud of Golubria       Chrm/Tloc      #.........   100%        2    ###....
 Song of Slaying          Chrm           #.......     100%        2    ###....
 Regeneration             Chrm/Necr      #.........   100%        3    ####...
 Spectral Weapon          Hex/Chrm       #.......     100%        3    ####...


Dungeon Overview and Level Annotations

Branches:
Dungeon (5/15)             Temple (1/1) D:4

Altars:
Cheibriados
Dithmenos
Elyvilon
Gozag
Makhleb
Nemelex Xobeh
Qazlal
Ru
Trog
Uskayaw
Wu Jian
Xom
Yredelemnul
Zin
The Shining One


Innate Abilities, Weirdness & Mutations

You have sharp toenails.
You are partially covered in yellow scales. (AC +2)
You regenerate a little health from kills.


Message History

You are too injured to fight recklessly!
You are too injured to fight recklessly!
You are too injured to fight recklessly!
You are too injured to fight recklessly!
You are too injured to fight recklessly!
You are too injured to fight recklessly!
You are too injured to fight recklessly!
You are too injured to fight recklessly!
You are too injured to fight recklessly!
You slash the orc warrior! Your kick misses the orc warrior.
The orc warrior is almost dead.
The orc warrior hits you with a +0 battleaxe!
* * * LOW HITPOINT WARNING * * *
You hit the orc warrior but do no damage.
The orc warrior is almost dead.
You hit the orc warrior but do no damage.
You claw the orc warrior, but do no damage.
The orc warrior is almost dead.
The orc warrior hits you with a +0 battleaxe!
You die...

#. ... #.##..#
##.....#
#......####
#......>.#####
#.............
#....))....#
###....@).#
###......o###
#.......###
........###
...##.....## .#
#......###
#.........## ##
#..........###.#
#..(..###.....#


You could see an orc warrior.

Vanquished Creatures
  Eustachio (D:4)
  A phantom (D:4)
  A scorpion (D:4)
  A howler monkey (D:3)
  A bullfrog zombie (D:5)
  A crimson imp (D:5)
  An orc priest (D:5)
  Ijyb (D:5)
  2 worker ants
  8 gnolls
  13 adders
  2 oozes
  An adder skeleton (D:5)
  A worm (D:3)
  2 dart slugs
  5 leopard geckos
  9 orcs
  7 bats
  6 giant cockroaches
  8 goblins
  2 hobgoblins
  7 jackals
  2 quokkas
  6 frilled lizards
  12 kobolds
  3 leopard gecko skeletons (D:4)
  6 rats
110 creatures vanquished.

Notes
Turn   | Place    | Note
-------+----------+-------------------------------------------
     0 | D:1      | galech the Demonspawn Fighter began the quest for the Orb.
     0 | D:1      | Reached XP level 1. HP: 18/18 MP: 1/1
   131 | D:1      | Gained mutation: You regenerate a little health from kills.
                  | [demonic ancestry]
   131 | D:1      | Reached XP level 2. HP: 23/24 MP: 2/2
   180 | D:1      | Reached skill level 2 in Axes
   439 | D:1      | Gained mutation: You have sharp toenails. [demonic
                  | ancestry]
   439 | D:1      | Reached XP level 3. HP: 26/29 MP: 3/3
  1094 | D:2      | Reached XP level 4. HP: 33/35 MP: 4/4
  1137 | D:2      | Reached skill level 3 in Axes
  1418 | D:2      | Found a white marble altar of Elyvilon.
  1418 | D:2      | Found a glowing golden altar of the Shining One.
  1418 | D:2      | Found a glowing silver altar of Zin.
  1487 | D:3      | Gained mutation: You are partially covered in yellow
                  | scales. (AC +2) [demonic ancestry]
  1487 | D:3      | Reached XP level 5. HP: 14/42 MP: 5/5
  1783 | D:3      | Reached skill level 1 in Dodging
  2365 | D:3      | Found an ornate altar of the Wu Jian Council.
  2471 | D:4      | Noticed Eustachio
  2484 | D:3      | Reached XP level 6. HP: 43/48 MP: 6/6
  2533 | D:4      | Killed Eustachio
  2647 | D:4      | Found a staircase to the Ecumenical Temple.
  2662 | D:4      | Reached skill level 4 in Axes
  2677 | Temple   | Entered the Ecumenical Temple
  2942 | D:4      | Reached XP level 7. HP: 35/54 MP: 7/7
  3125 | D:4      | Found a basalt altar of Yredelemnul.
  3452 | D:5      | Entered Level 5 of the Dungeon
  3466 | D:5      | Noticed Ijyb
  3477 | D:5      | Killed Ijyb
  3736 | D:5      | Reached skill level 5 in Axes
  3743 | D:5      | Slain by an orc warrior

Vault maps used:
D:1:      psy_arrival_whirlpool
D:2:      good_gods_mini_temple
D:3:      lemuel_round_altar
D:4:      lemuel_round_altar, minmay_temple_entry_mini_moons, first_ration,
          uniq_eustachio
D:5:      minmay_general_purpose_star, grunt_temple_overflow_open, serial_shops,
          shop, kennysheep_generic_room_9, uniq_ijyb
Temple:   compressed_dpeg_circular_temple

Skill      XL: |  1  2  3  4  5  6  7 |
---------------+----------------------+-----
Axes           | 2 3 4 5 |  5.0
Armour         | 3 4 |  4.3
Shields        | 3 4 |  4.1
Dodging        | 1 2 |  2.0
Fighting       | 4 |  4.5
Stealth        | |  0.1

Action                   |  1- 3 |  4- 6 |  7- 9 || total
-------------------------+-------+-------+-------++-------
Melee: War axe           |    99 |   161 |    74 ||   334
       Kick              |     8 |    45 |    20 ||    73
  Use: Potion            |     1 |       |     1 ||     2
       Scroll            |       |     5 |       ||     5
  Eat: Chunk             |       |     6 |     4 ||    10
Armor: Scale mail        |    18 |    13 |    22 ||    53
       Ring mail         |    41 |    67 |       ||   108
Dodge: Dodged            |    48 |    69 |    17 ||   134
Block: Shield            |    73 |    94 |    36 ||   203

Table legend:
 A = Non-vault XP
 B = Vault XP
 C = Vault XP percentage of total XP
 D = Non-vault monster count
 E = Vault monster count
 F = Vault count percentage of total count
                 A         B        C        D         E       F
            +---------+---------+-------+---------+---------+-------
      Total |     893 |     238 |  21.0 |     108 |       2 |   1.8
            +---------+---------+-------+---------+---------+-------
        D:1 |      43 |       0 |   0.0 |      25 |       0 |   0.0
        D:2 |     150 |       0 |   0.0 |      24 |       0 |   0.0
        D:3 |     201 |       0 |   0.0 |      33 |       0 |   0.0
        D:4 |     327 |     202 |  38.2 |      17 |       1 |   5.6
        D:5 |     172 |      36 |  17.3 |       9 |       1 |  10.0
            +---------+---------+-------+---------+---------+-------
